 Dungeon Crawl Stone Soup version 0.28-a0-1415-g7c84da036a (webtiles) character file.

Game seed: 9507711089462002661

3727 Gildeon the Severer (level 9, -3/72 HPs)
             Began as a Minotaur Fighter on Jan 7, 2022.
             Was a Believer of the Shining One.
             Killed from afar by an electric eel (12 damage)
             ... with a bolt of electricity
             ... on level 8 of the Dungeon.
             The game lasted 00:14:58 (8501 turns).

Gildeon the Severer (Minotaur Fighter)              Turns: 8501, Time: 00:14:59

Health: -3/72      AC: 12    Str: 25    XL:     9   Next: 92%
Magic:  17/17      EV: 11    Int:  5    God:    the Shining One [**....]
Gold:   354        SH:  4    Dex: 10    Spells: 7/8 levels left

rFire   . . .      SeeInvis .   a - +0 war axe
rCold   . . .      Faith    .   c - +0 buckler
rNeg    + . .      Spirit   .   x - +0 plate armour
rPois   .          Reflect  .   (helmet restricted)
rElec   .          Harm     .   (no cloak)
rCorr   .          Rampage  .   (no gloves)
Will    .....                   (no boots)
Stlth   ..........              (no amulet)
HPRegen 0.22/turn               h - +4 ring of evasion
MPRegen 0.15/turn               g - ring of magical power

@: glowing
A: horns 2, retaliatory headbutt
a: Renounce Religion, Divine Shield


You were on level 8 of the Dungeon.
You worshipped the Shining One.
The Shining One was pleased with you.
You visited 2 branches of the dungeon, and saw 9 of its levels.

You collected 354 gold pieces.

Inventory:

Hand Weapons
 a - a +0 war axe (weapon)
 l - a +0 flail
Missiles
 q - 2 throwing nets (quivered)
Armour
 c - a +0 buckler (worn)
 x - a +0 plate armour (worn)
Jewellery
 g - a ring of magical power (right hand)
 h - a +4 ring of evasion (left hand)
Wands
 j - a wand of acid (19)
Scrolls
 b - a scroll of fear
 e - 2 scrolls of noise {unknown}
 f - 5 scrolls of enchant armour
 i - a scroll of acquirement {unknown}
 k - 3 scrolls of teleportation
 s - a scroll of amnesia {unknown}
 t - a scroll of magic mapping {unknown}
 u - a scroll of identify
 w - a scroll of holy word {unknown}
Potions
 d - a potion of curing {unknown}
 m - a potion of resistance
 o - a potion of lignification {unknown}
 p - a potion of brilliance {unknown}
 r - a potion of haste {unknown}
 v - a potion of might


   Skills:
 + Level 4.4 Fighting
 - Level 16.0 Axes
 + Level 4.4 Armour
 + Level 2.1 Dodging
 + Level 4.4 Shields


You had 7 spell levels left.
You knew the following spells:

 Your Spells              Type           Power      Damage    Failure   Level
a - Sting                 Tmut/Pois      0%         1d3       100%        1

Your spell library contained the following spells:

 Spells                   Type           Power      Damage    Failure   Level
 Beastly Appendage        Tmut           0%         N/A       100%        1
 Magic Dart               Conj           0%         1d3       100%        1
 Poisonous Vapours        Pois/Air       0%         N/A       100%        2
 Searing Ray              Conj           0%         2d4       100%        2
 Wereblood                Tmut           0%         N/A       100%        2
 Call Canine Familiar     Summ           0%         N/A       100%        3
 Gell's Gravitas          Tloc           0%         N/A       100%        3
 Portal Projectile        Hex/Tloc       0%         N/A       100%        3
 Spider Form              Tmut/Pois      0%         N/A       100%        3
 Teleport Other           Tloc           0%         N/A       100%        3
 Fulminant Prism          Conj/Hex       0%         3d6       100%        4
 Hailstorm                Conj/Ice       0%         3d3       100%        4
 Ice Form                 Ice/Tmut       0%         N/A       100%        4
 Leda's Liquefaction      Hex/Erth       0%         N/A       100%        4
 Olgreb's Toxic Radiance  Pois           0%         N/A       100%        4
 Dispersal                Tloc           0%         N/A       100%        6
 Simulacrum               Ice/Necr       0%         N/A       100%        6


Dungeon Overview and Level Annotations

Branches:
Dungeon (8/15)             Temple (1/1) D:4
   Lair: D:8-11

Altars:
Ashenzari
Cheibriados
Dithmenos
Elyvilon
Fedhas
Gozag
Hepliaklqana
Kikubaaqudgha
Makhleb
Nemelex Xobeh
Okawaru
Qazlal
Ru
Sif Muna
Trog
Uskayaw
Vehumet
Xom
Yredelemnul
Zin
The Shining One

Annotations:
D:5 1 runed translucent door, benappo's ghost, novice HOAK


Innate Abilities, Weirdness & Mutations

You have a pair of horns on your head.
You reflexively headbutt those who attack you in melee.


Message History

You shout for attention!
You enter the shallow water.
Moving in this stuff is going to be slow.
An electric eel comes into view.
The electric eel shoots out a bolt of lightning at you!
The bolt of electricity misses you.
The electric eel shoots out a bolt of lightning at you!
The bolt of electricity hits you.
An electric eel comes into view.
The electric eel shoots out a bolt of lightning at you!
The bolt of electricity hits the electric eel.
The electric eel completely resists.
The bolt of electricity hits you.
The electric eel shoots out a bolt of lightning at you!
The bolt of electricity hits you. The bolt of electricity hits you!
You slash the electric eel!
The electric eel is almost dead.
You slice the electric eel!!
You kill the electric eel!
You hear a splash.
The electric eel shoots out a bolt of lightning at you!
The bolt of electricity hits you.
You start resting.
An electric eel is nearby!
The electric eel shoots out a bolt of lightning at you!
The bolt of electricity hits you!
The electric eel shoots out a bolt of lightning at you!
The bolt of electricity hits you.
The electric eel shoots out a bolt of lightning at you!
The bolt of electricity hits you!
The electric eel shoots out a bolt of lightning at you!
The bolt of electricity misses you.
The electric eel shoots out a bolt of lightning at you!
The bolt of electricity hits you!
* * * LOW HITPOINT WARNING * * *
The electric eel shoots out a bolt of lightning at you!
The bolt of electricity hits you!
* * * LOW HITPOINT WARNING * * *
The electric eel shoots out a bolt of lightning at you!
The bolt of electricity hits you!
You die...

#.†≈.≈≈≈.≈≈≈≈≈≈.≈≈
#.≈≈≈≈≈≈.≈≈≈≈≈≈≈≈≈
#.≈≈♣♣♣≈. ♣♣♣≈≈≈♣♣
#.≈≈♣ ≈≈ #..≈♣♣♣≈.
#..≈≈S≈≈≈
#...≈≈≈..
#..≈≈≈≈≈≈
#@≈≈♣♣♣≈≈ #..≈♣ ≈.
#.≈≈♣♣♣≈≈ ♣♣♣≈.≈♣♣
#.≈≈≈≈≈≈≈ ≈SS.≈≈≈
#...≈.≈.≈ .....≈.
#..≈≈≈≈≈. ≈≈.≈≈
#..≈♣♣♣≈. ♣≈≈≈♣
#.≈≈♣ ♣≈≈ ♣≈≈≈♣
#.≈≈♣♣♣≈≈≈♣♣♣≈[≈♣♣


You could see an electric eel.

Vanquished Creatures
  4 yaks (D:6)
  2 water moccasins (D:7)
  2 ice beasts
  3 orc warriors
  A necrophage (D:4)
  2 ogres
  4 centaurs
  3 phantoms (D:5)
  A kobold brigand (D:4)
  A bullfrog (D:7)
  A wyvern zombie (D:8)
  3 scorpions
  A water moccasin zombie (D:5)
  A wyvern skeleton (D:5)
  A water moccasin skeleton (D:5)
  5 electric eels (D:8)
  A centaur zombie (D:7)
  3 hounds
  2 centaur skeletons
  An orc priest (D:8)
  A bullfrog zombie (D:5)
  5 jellies
  2 bullfrog skeletons
  2 gnoll shamans
  An iguana (D:5)
  6 orc wizards
  A killer bee zombie (D:8)
  2 adders
  8 gnolls
  2 white imps (D:6)
  A worm (D:3)
  4 dart slugs
  38 orcs
  10 endoplasms
  3 giant cockroaches
  6 goblins
  9 hobgoblins
  5 jackals
  9 kobolds
  5 quokkas
  7 ball pythons
  5 bats
  3 frilled lizards
  10 rats
187 creatures vanquished.

Notes
Turn   | Place    | Note
-------+----------+-------------------------------------------
     0 | D:1      | Gildeon the Minotaur Fighter began the quest for the Orb.
     0 | D:1      | Reached XP level 1. HP: 19/19 MP: 0/0
    23 | D:1      | Reached skill level 3 in Axes
    80 | D:1      | Reached XP level 2. HP: 24/26 MP: 1/1
   379 | D:1      | Reached skill level 4 in Axes
   855 | D:2      | Reached XP level 3. HP: 31/31 MP: 2/2
  1166 | D:2      | Learned a level 1 spell: Sting
  1465 | D:2      | Found a faded altar of an unknown god.
  1872 | D:3      | Found a glowing golden altar of the Shining One.
  1872 | D:3      | Found a sparkling altar of Nemelex Xobeh.
  1872 | D:3      | Found a bloodstained altar of Trog.
  1872 | D:3      | Found a blossoming altar of Fedhas.
  1874 | D:3      | Found a shadowy altar of Dithmenos.
  1874 | D:3      | Found a radiant altar of Vehumet.
  1875 | D:3      | Found a basalt altar of Yredelemnul.
  1893 | D:3      | Became a worshipper of the Shining One
  1897 | D:3      | Noticed an ogre
  1960 | D:3      | Reached skill level 5 in Axes
  1988 | D:3      | Killed an ogre
  1989 | D:3      | Reached skill level 6 in Axes
  1989 | D:3      | Reached XP level 4. HP: 3/39 MP: 3/3
  2188 | D:3      | Reached XP level 5. HP: 33/45 MP: 4/4
  2878 | D:3      | Found a hide-covered altar of Uskayaw.
  2878 | D:3      | Found a shimmering blue altar of Sif Muna.
  2927 | D:4      | Reached skill level 7 in Axes
  3109 | D:4      | Reached XP level 6. HP: 35/51 MP: 5/5
  3242 | D:4      | Reached skill level 8 in Axes
  3295 | D:4      | Found a staircase to the Ecumenical Temple.
  3303 | Temple   | Entered the Ecumenical Temple
  4027 | D:5      | Entered Level 5 of the Dungeon
  4031 | D:5      | Found a runed translucent door.
  4031 | D:5      | Noticed benappo's ghost (novice HOAK)
  4072 | D:5      | Reached * piety under the Shining One
  4083 | D:5      | Reached skill level 9 in Axes
  4083 | D:5      | Reached XP level 7. HP: 57/57 MP: 6/6
  4209 | D:5      | Identified the +11 rapier "Newtslayer" {venom, rElec rF+
                  | Str-3 Dex+6}
  4219 | D:5      | Reached skill level 10 in Axes
  4661 | D:5      | Reached skill level 11 in Axes
  4801 | D:5      | Reached XP level 8. HP: 59/64 MP: 7/7
  5373 | D:6      | Reached skill level 12 in Axes
  5860 | D:6      | Reached ** piety under the Shining One
  5972 | D:6      | Reached skill level 13 in Axes
  5984 | D:6      | Reached skill level 14 in Axes
  5984 | D:6      | Reached XP level 9. HP: 28/70 MP: 8/8
  6885 | D:7      | Reached skill level 15 in Axes
  7528 | D:8      | Reached skill level 16 in Axes
  7542 | D:8      | Reached skill level 1 in Dodging
  8501 | D:8      | Killed from afar by an electric eel

Illustrated notes

Levels and vault maps discovered:
D:1:      erik_arrival_cave_to_civilisation [erik_arrival_cave_to_hall],
          layout_rooms
D:2:      layout_loops_corners, shapermc_ecumenical_altar_pompeii, hex_tiny
D:3:      layout_loops_ring, grunt_temple_overflow_open,
          gammafunk_temple_overflow_wave
D:4:      layout_loops_ring, temple_fountains, minivault_14
D:5:      layout_cave_pods, hellmonk_ghost_happy_afterlife
D:6:      layout_loops_ring, kennysheep_pointless_box
D:7:      layout_loops_cross
D:8:      layout_cave_pools, special_room [special_room_orc], kennysheep_boxes
Temple:   minmay_temple_bridge_abc

Skill      XL: |  1  2  3  4  5  6  7  8  9 |
---------------+----------------------------+-----
Axes           | 3 4 6 7 9 11 14 16 | 16.0
Fighting       | 4 |  4.4
Armour         | 4 |  4.4
Dodging        | 2 |  2.1
Shields        | 4 |  4.4

Action                   |  1- 3 |  4- 6 |  7- 9 || total
-------------------------+-------+-------+-------++-------
Melee: War axe           |   121 |    90 |   215 ||   426
       Headbutt          |    16 |    19 |    55 ||    90
  Use: Potion            |     1 |       |       ||     1
       Scroll            |       |     3 |     3 ||     6
Armor: Scale mail        |    41 |     7 |       ||    48
       Chain mail        |       |    11 |    62 ||    73
       Plate armour      |       |       |     3 ||     3
Dodge: Dodged            |    60 |    37 |    89 ||   186
Block: Buckler           |    28 |    10 |    29 ||    67

Table legend: (Time is in decaauts)
 A = Elapsed time spent in this place.
 B = Non-inter-level travel time spent in this place.
 C = Inter-level travel time spent in this place.
 D = Time resting spent in this place.
 E = Time spent auto-exploring this place.
 F = Levels seen in this place.
 G = Mean time per level.
                   A        B        C        D        E       F      G
               +--------+--------+--------+--------+--------+-----+--------+
         Total |   8532 |   8270 |    262 |    291 |   6758 |   9 |  948.0 |
       Dungeon |   8338 |   8099 |    239 |    291 |   6591 |   8 | 1042.2 |
        Temple |    194 |    171 |     23 |      0 |    167 |   1 |  194.0 |
               +--------+--------+--------+--------+--------+-----+--------+

Top non-repeatable levels by time:
     D:8: 1320 daAuts
     D:2: 1267 daAuts
     D:6: 1213 daAuts
     D:5: 1113 daAuts
     D:3: 1044 daAuts
     D:4: 919 daAuts
     D:7: 804 daAuts
     D:1: 653 daAuts
  Temple: 194 daAuts
